 Dungeon Crawl Stone Soup version 0.14.2 (webtiles) character file.

320 namelastname112 the Insei (level 5, -1/45 HPs)
             Began as a Draconian Monk on Feb 15, 2016.
             Slain by Grinder (6 damage)
             ... on Level 3 of the Dungeon.
             The game lasted 00:03:25 (2323 turns).

namelastname112 the Insei (Draconian Monk)          Turns: 2323, Time: 00:03:25

HP  -1/45        AC  5     Str 14      XL: 5   Next: 55%
MP   5/5         EV 13     Int 10      God:
Gold 111         SH  0     Dex 14      Spells:  0 memorised,  4 levels left

rFire  . . .     SeeInvis .       - Unarmed
rCold  . . .     Clarity  .     (armour unavailable)
rNeg   . . .     Conserve .     (no shield)
rPois  .         rCorr    .     (helmet restricted)
rElec  .         rRot     .     (no cloak)
SustAb . .       Spirit   .     (no gloves)
rMut   .         Warding  .     (no boots)
Saprov . . .     Stasis   .     (no amulet)
MR     +....                    (no ring)
                                p - ring of protection from magic {unknown}

@: somewhat resistant to hostile enchantments, fairly stealthy
A: unfitting armour, AC +5
a: no special abilities


You were on level 3 of the Dungeon.
You were hungry.

You visited 1 branch of the dungeon, and saw 3 of its levels.

You collected 111 gold pieces.

Inventory:

Missiles
 d - 7 poisoned darts (quivered)
Comestibles
 b - a bread ration
 h - a meat ration
 j - 10 sultanas
 n - a pear
 r - a grape
 t - a rotting chunk of hobgoblin flesh
Scrolls
 a - 2 scrolls of teleportation {unknown}
 c - a scroll of enchant weapon I {unknown}
 e - a scroll of blinking {unknown}
 g - a scroll of magic mapping {unknown}
 i - 2 scrolls of fog {unknown}
 k - 2 scrolls of immolation {unknown}
 l - a scroll of enchant weapon II {unknown}
 m - a scroll of noise {unknown}
 o - a scroll of remove curse {unknown}
 q - 3 scrolls of amnesia {unknown}
 s - a scroll of fear {unknown}
Jewellery
 p - a ring of protection from magic (left hand) {unknown}
Potions
 f - a potion of haste


   Skills:
 - Level 3.2 Fighting
 - Level 2.6 Dodging
 - Level 1.7 Stealth
 + Level 6.9 Unarmed Combat


You had 4 spell levels left.
You didn't know any spells.

Dungeon Overview and Level Annotations

Branches:
Dungeon (3/15)

Altars:

Annotations:
D:3 Grinder


Message History

You feel much better. The bat misses you. Grinder hits you.
You writhe in agony.
You aren't carrying any items that can be evoked.
Read which item? (? for menu, Esc to quit)
Okay, then.
You hit Grinder.
Your tail-slap misses Grinder.
Grinder is moderately wounded.
The bat closely misses you. Grinder hits you!
* * * LOW HITPOINT WARNING * * *
You writhe in agony.
* * * LOW HITPOINT WARNING * * *
You punch Grinder!
Grinder is heavily wounded.
The bat hits you but does no damage.
You smell something rotten. (slot t)
An orc comes into view. It is wielding a hand axe.
You punch Grinder!
Grinder is severely wounded.
Grinder hits you.
You die...

....###.#####...............
....###.#####..............
...................[.......
.........[.................
..........................
........######...##.......
..........# ##..........
.........## ##b##..####
.........# #@# ..#
.........# #5##.b#
>........#


#ooo5o# .....#####......b###.# #....# #...##.. ############. #.. ..........#
.... ########### .... ##.### You could see Grinder, an orc wizard, an orc and 2
bats.

Vanquished Creatures
  Sigmund (D:3)
  A vampire bat (D:3)
  2 adders
  A gnoll (D:1)
  A giant mite (D:3)
  An orc (D:3)
  3 bats
  A giant cockroach (D:2)
  7 hobgoblins
  10 jackals (D:1)
  3 quokkas
  A ball python (D:1)
  A giant gecko (D:2)
  2 giant newts
  7 goblins
  6 kobolds
  10 rats
58 creatures vanquished.

Notes
Turn   | Place    | Note
--------------------------------------------------------------
     0 | D:1      | namelastname112, the Draconian Monk, began the quest for the Orb.
     0 | D:1      | Reached XP level 1. HP: 19/19 MP: 1/1
   150 | D:1      | Reached XP level 2. HP: 21/26 MP: 2/2
   489 | D:1      | Reached skill level 5 in Unarmed Combat
   492 | D:1      | Reached XP level 3. HP: 17/31 MP: 3/3
  1702 | D:2      | Reached XP level 4. HP: 36/38 MP: 4/4
  1745 | D:3      | Noticed Sigmund
  1779 | D:3      | Killed Sigmund
  1779 | D:3      | Reached skill level 6 in Unarmed Combat
  1779 | D:3      | Reached XP level 5. HP: 7/45 MP: 5/5
  2297 | D:3      | Noticed Grinder
  2319 | D:3      | HP: 1/45 [Grinder (6)]
  2323 | D:3      | Slain by Grinder

Action                   |  1- 3 |  4- 6 || total
-------------------------+-------+-------++-------
Melee: Unarmed           |   142 |    64 ||   206
Throw: Dart              |       |     5 ||     5
  Use: Potion            |       |     6 ||     6
 Stab: Sleeping          |     3 |     1 ||     4
